 Dungeon Crawl Stone Soup version 0.18.1-50-g88ac8fd (webtiles) character file.

42 Nordron the Changer (level 3, -1/23 HPs)
             Began as an Octopode Transmuter on Oct 1, 2016.
             Slain by a goblin
             ... wielding a cursed +0 dagger
             ... led by Robin
              (4 damage)
             ... on level 2 of the Dungeon.
             The game lasted 00:05:21 (1120 turns).

Nordron the Changer (Octopode Transmuter)           Turns: 1120, Time: 00:05:21

Health: -1/23      AC:  6    Str:  9    XL:     3   Next: 54%
Magic:  6/6        EV: 12    Int: 15    God:
Gold:   82         SH:  0    Dex: 13    Spells: 2 memorised, 2 levels left

rFire  . . .     SeeInvis .     i - +2 dagger (protect)
rCold  . . .     Gourm    .     (no shield)
rNeg   . . .     Faith    .     (helmet restricted)
rPois  .         Spirit   .     (no amulet)
rElec  .         Dismiss  .     (no ring)
rCorr  .         Reflect  .     (no ring)
SustAt .         Harm     .     (no ring)
MR     .....                    (no ring)
Stlth  ++........               (no ring)
                                (no ring)
                                (no ring)
                                (no ring)

@: not resistant to hostile enchantments, unstealthy
A: almost no armour, amphibious, 8 rings, constrict 8, camouflage 1, gelatinous
body 1
a: no special abilities


You were on level 2 of the Dungeon.
You were not hungry.

You visited 1 branch of the dungeon, and saw 2 of its levels.

You collected 82 gold pieces.

Inventory:

Hand Weapons
 i - a +2 dagger of protection (weapon)
Missiles
 a - 12 arrows
Scrolls
 e - a scroll of enchant armour {unknown}
 h - 3 scrolls of identify {unknown}
 j - a scroll of teleportation {unknown}
 k - a scroll of remove curse {unknown}
Potions
 l - a potion of curing
Books
 b - a book of Changes

   Spells                             Type                      Level
   a - Beastly Appendage              Transmutation                1
   b - Sticks to Snakes               Transmutation                2
   c - Spider Form                    Transmutation/Poison         3
   d - Ice Form                       Ice/Transmutation            4
   e - Blade Hands                    Transmutation                5
Comestibles
 c - 3 bread rations
 d - a meat ration
 g - 4 fruits


   Skills:
 - Level 1.0 Fighting
 - Level 2.0 Dodging
 - Level 3.0 Unarmed Combat
 - Level 2.0 Spellcasting
 * Level 3.8 Transmutations


You had 2 spell levels left.
You knew the following spells:

 Your Spells              Type           Power        Failure   Level  Hunger
a - Beastly Appendage     Trmt           ##....       6%          1    #......
b - Spider Form           Trmt/Pois      #.........   34%         3    ###....


Dungeon Overview and Level Annotations

Branches:
Dungeon (2/15)

Altars:
Nemelex Xobeh

Annotations:
D:2 Robin


Innate Abilities, Weirdness & Mutations

You cannot wear most types of armour.
You are amphibious.
You can wear up to eight rings at the same time.
You can use your tentacles to constrict eight enemies at once.
Your skin changes colour to match your surroundings (Stealth).
Your rubbery body absorbs attacks (AC +1).


Message History

You barely miss the goblin. You grab the goblin. You constrict the goblin.
* * * LOW HITPOINT WARNING * * *
You feel sick. Robin throws the goblin at you! The goblin closely misses you.
The goblin hits you with a dagger.
* * * LOW HITPOINT WARNING * * *
Drink which item? (? for menu, Esc to quit)
It was a potion of curing.
You feel better.
You constrict the goblin. The goblin hits you but does no damage.
The goblin misses you.
You hit the goblin.
You kill the goblin!
The goblin misses you.
You hit the goblin. Your grab misses the goblin.
The goblin is severely wounded.
Robin hits you but does no damage. The goblin hits you with a dagger.
* * * LOW HITPOINT WARNING * * *
You hit Robin. You grab Robin.
Robin is lightly wounded.
You constrict Robin. Robin closely misses you.
The goblin hits you with a dagger.
You die...

### #.. #.# #.# #### ...
#### ..# #.# ...#####.#
#)# .##....##.####.######
.....#.....g@g)......#
#....##.####.#####.#
.##....# #.# #...### #.#
#)..# #.# .#[ #...# #.#
... #...# #>. ..# #...#
##########.##
#...###...........#######


You could see Robin and a goblin.

Vanquished Creatures
  A dart slug (D:1)
  2 giant geckos
  4 bats
  12 goblins
  5 hobgoblins
  A ball python (D:1)
  A giant newt (D:1)
  4 kobolds (D:1)
  4 rats (D:1)
34 creatures vanquished.

Vanquished Creatures (others)
  4 toadstools (D:1)
4 creatures vanquished.

Grand Total: 38 creatures vanquished

Notes
Turn   | Place    | Note
--------------------------------------------------------------
     0 | D:1      | Nordron the Octopode Transmuter began the quest for the Orb.
     0 | D:1      | Reached XP level 1. HP: 13/13 MP: 3/3
   126 | D:1      | Reached XP level 2. HP: 13/18 MP: 3/5
   338 | D:1      | Found a sparkling altar of Nemelex Xobeh.
   991 | D:2      | Reached XP level 3. HP: 21/23 MP: 4/6
  1002 | D:2      | Learned a level 3 spell: Spider Form
  1099 | D:2      | Noticed Robin
  1120 | D:2      | Slain by a goblin

Skill      XL: |  1  2 |
---------------+-------+-----
Transmutations | 3 |  3.8
Fighting       | |  1.0
Dodging        | |  2.0
Unarmed Combat | |  3.0
Spellcasting   | |  2.0

Action                   || total
-------------------------++-------
Melee: Unarmed           ||    18
       Constrict         ||    18
       Kick              ||     8
       Tentacles         ||     5
       Dagger            ||    42
 Cast: Beastly Appendage ||    14
  Use: Potion            ||     1
 Stab: Sleeping          ||     4
  Eat: Chunk             ||     1
Armor: Skin              ||    11
Dodge: Dodged            ||    36
